[ AOE2 MATCH · #505782143 ]
UnrankedKhitans vs Byzantines
Player's team · LOSS
[ REPLAY ANALYSIS · EXTRACTED FROM THE RECORDED GAME ]
Feudal
9:07
Castle
20:38
Imperial
36:01
| APM avg | 66.9 |
| APM peak | 108 |
| eAPM avg | 31.0 |
| Villagers / military | 163 / 80 |
Focus
⚔️ 25.2% · 🌾 74.8%
Steppe Lancer ×45 · Scout Cavalry ×19 · Scorpion ×7 · Trebuchet (Packed) ×7 · Camel Scout ×1 · Iron Pagoda ×1
Feudal
10:30
Castle
21:37
Imperial
37:23
| APM avg | 72.8 |
| APM peak | 167 |
| eAPM avg | 45.2 |
| Villagers / military | 150 / 139 |
Focus
⚔️ 68.2% · 🌾 31.8%
Camel Scout ×55 · Archer ×51 · Spearman ×26 · Militia ×4 · Trebuchet (Packed) ×2 · Skirmisher ×1
Match map
Initial resources + every placement click. Lines = walls · curves = elevation contours. ◆ gold · ⬟ stone · ● berries · ✦ relic · ◌ wall gap
Your base· Open — opponent sealed themselves in
TeKarino's base· ✓ Closed at 21:37 · 45t walls · 1 gate(s)
Smoothed initial terrain · ◌ = detected wall gap · hover for details
Inputs per minute
— CTM | IKARO - - TeKarino
Build order — CTM | IKARO
First 150 of 358 actions detected
| 0:01 | Queue | Villager (Male) |
| 0:02 | Queue | Villager (Male) |
| 0:03 | Build | House |
| 0:06 | Build | House |
| 0:06 | Queue | Villager (Male) |
| 0:07 | Queue | Villager (Male) |
| 1:24 | Queue | Villager (Male) |
| 2:04 | Queue | Villager (Male) |
| 2:04 | Queue | Villager (Male) |
| 2:38 | Queue | Villager (Male) |
| 3:01 | Queue | Villager (Male) |
| 3:02 | Queue | Villager (Male) |
| 3:28 | Queue | Villager (Male) |
| 3:28 | Queue | Villager (Male) |
| 3:36 | Build | Lumber Camp |
| 3:51 | Queue | Villager (Male) |
| 4:00 | Queue | Villager (Male) |
| 4:00 | Queue | Villager (Male) |
| 4:02 | Build | House |
| 4:19 | Queue | Villager (Male) |
| 4:20 | Queue | Villager (Male) |
| 4:36 | Queue | Villager (Male) |
| 4:37 | Queue | Villager (Male) |
| 5:17 | Build | Mill |
| 5:47 | Build | House |
| 5:57 | Queue | Villager (Male) |
| 5:58 | Research | Loom |
| 6:47 | Build | Palisade Wall |
| 6:57 | Research | Feudal Age |
| 6:58 | Research | Feudal Age |
| 7:57 | Build | House |
| 8:26 | Build | Barracks |
| 8:39 | Build | Palisade Wall |
| 8:54 | Build | Palisade Wall |
| 8:55 | Build | Palisade Wall |
| 9:07 | Age | Feudal Age |
| 9:33 | Build | Stable |
| 9:39 | Queue | Villager (Male) |
| 9:52 | Queue | Villager (Male) |
| 10:01 | Queue | Villager (Male) |
| 10:08 | Queue | Scout Cavalry |
| 10:08 | Queue | Scout Cavalry |
| 10:09 | Queue | Scout Cavalry |
| 10:09 | Queue | Scout Cavalry |
| 10:23 | Build | Mill |
| 10:28 | Build | Palisade Wall |
| 10:31 | Build | Palisade Wall |
| 10:40 | Queue | Villager (Male) |
| 10:41 | Build | House |
| 11:07 | Build | Pasture |
| 11:37 | Queue | Villager (Male) |
| 11:41 | Build | House |
| 11:56 | Queue | Villager (Male) |
| 12:00 | Build | Pasture |
| 12:07 | Research | Double-Bit Axe |
| 12:07 | Research | Double-Bit Axe |
| 12:33 | Queue | Villager (Male) |
| 12:43 | Build | Pasture |
| 12:55 | Queue | Villager (Male) |
| 12:59 | Queue | Villager (Male) |
| 13:11 | Build | Pasture |
| 13:18 | Queue | Villager (Male) |
| 13:38 | Queue | Villager (Male) |
| 13:41 | Build | Palisade Wall |
| 13:47 | Build | Pasture |
| 13:47 | Queue | Villager (Male) |
| 14:08 | Queue | Villager (Male) |
| 14:13 | Build | House |
| 14:15 | Queue | Villager (Male) |
| 14:28 | Build | House |
| 14:31 | Build | Palisade Wall |
| 14:38 | Queue | Villager (Male) |
| 14:38 | Queue | Villager (Male) |
| 14:52 | Build | Watch Tower |
| 14:53 | Build | Mining Camp |
| 14:54 | Queue | Villager (Male) |
| 14:54 | Queue | Villager (Male) |
| 15:02 | Queue | Villager (Male) |
| 15:13 | Build | Palisade Wall |
| 15:17 | Queue | Villager (Male) |
| 15:20 | Queue | Villager (Male) |
| 15:30 | Build | Pasture |
| 15:51 | Queue | Villager (Male) |
| 16:01 | Build | Blacksmith |
| 16:34 | Queue | Villager (Male) |
| 16:38 | Queue | Villager (Male) |
| 17:03 | Build | House |
| 17:07 | Queue | Villager (Male) |
| 17:12 | Build | House |
| 17:14 | Build | Palisade Wall |
| 17:47 | Research | Castle Age |
| 17:48 | Research | Castle Age |
| 18:01 | Build | Stable |
| 18:08 | Queue | Scout Cavalry |
| 18:20 | Build | Palisade Wall |
| 18:36 | Queue | Scout Cavalry |
| 18:46 | Research | Scale Barding Armor |
| 18:47 | Research | Scale Barding Armor |
| 18:50 | Queue | Scout Cavalry |
| 18:55 | Build | Stable |
| 19:08 | Build | Pasture |
| 19:40 | Queue | Scout Cavalry |
| 19:41 | Queue | Scout Cavalry |
| 19:43 | Queue | Scout Cavalry |
| 19:54 | Build | House |
| 19:55 | Build | House |
| 20:05 | Research | Wheelbarrow |
| 20:09 | Build | Pasture |
| 20:32 | Research | Forging |
| 20:32 | Research | Forging |
| 20:38 | Age | Castle Age |
| 20:41 | Queue | Villager (Male) |
| 20:58 | Build | House |
| 20:59 | Build | House |
| 21:00 | Build | House |
| 21:06 | Research | Light Cavalry (upgrade) |
| 21:06 | Research | Light Cavalry (upgrade) |
| 21:12 | Queue | Villager (Male) |
| 21:36 | Queue | Villager (Male) |
| 21:40 | Build | House |
| 21:54 | Research | Chain Barding Armor |
| 21:54 | Research | Chain Barding Armor |
| 22:07 | Queue | Scout Cavalry |
| 22:07 | Queue | Scout Cavalry |
| 22:07 | Queue | Scout Cavalry |
| 22:08 | Queue | Scout Cavalry |
| 22:14 | Queue | Villager (Male) |
| 22:17 | Build | Pasture |
| 22:24 | Queue | Scout Cavalry |
| 22:24 | Queue | Scout Cavalry |
| 22:37 | Build | Pasture |
| 22:38 | Queue | Villager (Male) |
| 22:48 | Build | House |
| 23:04 | Queue | Villager (Male) |
| 23:15 | Queue | Villager (Male) |
| 23:22 | Build | House |
| 23:23 | Build | House |
| 23:24 | Build | House |
| 23:25 | Build | House |
| 23:39 | Research | Iron Casting |
| 23:40 | Research | Iron Casting |
| 23:43 | Queue | Scout Cavalry |
| 23:43 | Queue | Scout Cavalry |
| 23:43 | Queue | Scout Cavalry |
| 23:48 | Queue | Steppe Lancer |
| 23:49 | Queue | Steppe Lancer |
| 23:49 | Queue | Steppe Lancer |
| 23:49 | Queue | Steppe Lancer |
| 23:51 | Queue | Villager (Male) |
| 24:06 | Queue | Steppe Lancer |
Build order — TeKarino
First 150 of 485 actions detected
| 0:01 | Queue | Villager (Male) |
| 0:02 | Build | House |
| 0:04 | Build | House |
| 0:08 | Queue | Villager (Male) |
| 0:13 | Queue | Villager (Male) |
| 0:13 | Queue | Villager (Male) |
| 1:32 | Queue | Villager (Male) |
| 1:48 | Build | Lumber Camp |
| 1:59 | Queue | Villager (Male) |
| 1:59 | Queue | Villager (Male) |
| 2:19 | Queue | Villager (Male) |
| 2:51 | Queue | Villager (Male) |
| 2:52 | Queue | Villager (Male) |
| 3:07 | Build | Barracks |
| 3:11 | Queue | Villager (Male) |
| 3:11 | Queue | Villager (Male) |
| 3:30 | Build | House |
| 3:40 | Queue | Villager (Male) |
| 3:40 | Queue | Villager (Male) |
| 4:04 | Queue | Villager (Male) |
| 4:13 | Queue | Militia |
| 4:29 | Queue | Villager (Male) |
| 4:29 | Queue | Villager (Male) |
| 4:43 | Queue | Militia |
| 4:44 | Queue | Militia |
| 4:50 | Build | House |
| 4:53 | Build | House |
| 5:01 | Queue | Villager (Male) |
| 5:01 | Queue | Villager (Male) |
| 5:32 | Queue | Villager (Male) |
| 5:40 | Queue | Militia |
| 5:54 | Queue | Villager (Male) |
| 6:01 | Build | Mill |
| 6:19 | Queue | Villager (Male) |
| 6:45 | Queue | Villager (Male) |
| 7:18 | Queue | Villager (Male) |
| 7:30 | Research | Loom |
| 7:42 | Build | Lumber Camp |
| 8:20 | Research | Feudal Age |
| 8:20 | Research | Feudal Age |
| 8:20 | Research | Feudal Age |
| 8:38 | Build | Palisade Wall |
| 8:56 | Queue | Villager (Male) |
| 9:02 | Build | Palisade Wall |
| 9:22 | Queue | Villager (Male) |
| 9:26 | Build | Palisade Wall |
| 9:31 | Build | Mill |
| 9:48 | Queue | Villager (Male) |
| 10:03 | Build | Palisade Wall |
| 10:08 | Build | House |
| 10:22 | Build | House |
| 10:30 | Age | Feudal Age |
| 10:31 | Queue | Villager (Male) |
| 10:36 | Queue | Villager (Male) |
| 10:42 | Queue | Villager (Male) |
| 10:50 | Queue | Villager (Male) |
| 10:57 | Build | Mining Camp |
| 11:05 | Research | Double-Bit Axe |
| 11:09 | Build | House |
| 11:13 | Queue | Villager (Male) |
| 11:16 | Build | Palisade Gate |
| 11:18 | Build | House |
| 11:29 | Queue | Villager (Male) |
| 11:31 | Queue | Villager (Male) |
| 11:36 | Build | House |
| 11:38 | Build | House |
| 11:39 | Queue | Villager (Male) |
| 12:25 | Queue | Villager (Male) |
| 12:30 | Build | Archery Range |
| 12:37 | Build | House |
| 12:41 | Queue | Villager (Male) |
| 12:44 | Build | Palisade Wall |
| 12:44 | Build | Palisade Wall |
| 12:54 | Build | Farm |
| 13:08 | Build | Palisade Wall |
| 13:11 | Queue | Archer |
| 13:14 | Queue | Archer |
| 13:22 | Queue | Villager (Male) |
| 13:23 | Queue | Archer |
| 13:26 | Build | Palisade Wall |
| 13:39 | Build | Farm |
| 13:59 | Build | Lumber Camp |
| 14:03 | Queue | Villager (Male) |
| 14:15 | Queue | Villager (Male) |
| 14:23 | Build | Farm |
| 14:26 | Queue | Archer |
| 14:28 | Queue | Villager (Male) |
| 14:41 | Build | Farm |
| 14:48 | Queue | Archer |
| 14:55 | Queue | Villager (Male) |
| 14:58 | Build | Farm |
| 15:15 | Queue | Archer |
| 15:16 | Build | Farm |
| 15:20 | Build | Farm |
| 15:25 | Queue | Archer |
| 15:35 | Build | Farm |
| 15:36 | Build | Farm |
| 15:36 | Build | Farm |
| 15:36 | Build | Farm |
| 15:36 | Build | Farm |
| 15:37 | Queue | Villager (Male) |
| 15:47 | Queue | Archer |
| 15:53 | Queue | Villager (Male) |
| 15:55 | Build | Farm |
| 15:57 | Queue | Villager (Male) |
| 16:04 | Queue | Villager (Male) |
| 16:28 | Queue | Villager (Male) |
| 16:30 | Build | Farm |
| 16:33 | Build | Blacksmith |
| 16:36 | Queue | Archer |
| 16:36 | Queue | Villager (Male) |
| 16:44 | Build | Farm |
| 16:47 | Build | Farm |
| 16:57 | Build | Blacksmith |
| 17:02 | Build | Blacksmith |
| 17:04 | Queue | Villager (Male) |
| 17:07 | Build | Farm |
| 17:09 | Queue | Archer |
| 17:14 | Build | Farm |
| 17:33 | Queue | Villager (Male) |
| 17:36 | Build | Farm |
| 17:38 | Build | Farm |
| 17:44 | Build | Farm |
| 18:02 | Queue | Villager (Male) |
| 18:10 | Build | Farm |
| 18:17 | Queue | Villager (Male) |
| 18:38 | Build | Archery Range |
| 18:45 | Queue | Villager (Male) |
| 18:57 | Research | Castle Age |
| 18:57 | Research | Castle Age |
| 18:57 | Research | Castle Age |
| 18:58 | Queue | Archer |
| 19:02 | Queue | Archer |
| 19:08 | Queue | Archer |
| 19:14 | Queue | Spearman |
| 19:16 | Queue | Spearman |
| 19:28 | Research | Fletching |
| 19:29 | Research | Fletching |
| 19:30 | Queue | Spearman |
| 19:31 | Queue | Archer |
| 19:35 | Queue | Spearman |
| 19:37 | Queue | Villager (Male) |
| 19:39 | Build | Farm |
| 19:41 | Build | Farm |
| 19:47 | Queue | Archer |
| 19:58 | Research | Gold Mining |
| 20:03 | Research | Horse Collar |
| 20:03 | Research | Horse Collar |
| 20:04 | Queue | Villager (Male) |
| 20:07 | Queue | Archer |
Match timeline
| 3:07 | TeKarino · first_building Barracks |
| 6:47 | CTM | IKARO · wall_segment Palisade Wall x5 |
| 8:26 | CTM | IKARO · first_building Barracks |
| 8:38 | TeKarino · wall_segment Palisade Wall x15 |
| 8:39 | CTM | IKARO · wall_segment Palisade Wall x5 |
| 8:54 | CTM | IKARO · wall_segment Palisade Wall x1 |
| 8:55 | CTM | IKARO · wall_segment Palisade Wall x1 |
| 9:02 | TeKarino · wall_segment Palisade Wall x15 |
| 9:07 | CTM | IKARO · age_up feudal |
| 9:26 | TeKarino · wall_segment Palisade Wall x7 |
| 9:33 | CTM | IKARO · first_building Stable |
| 10:03 | TeKarino · wall_segment Palisade Wall x4 |
| 10:28 | CTM | IKARO · wall_segment Palisade Wall x2 |
| 10:30 | TeKarino · age_up feudal |
| 10:31 | CTM | IKARO · wall_segment Palisade Wall x2 |
| 12:30 | TeKarino · first_building Archery Range |
| 12:44 | TeKarino · wall_segment Palisade Wall x1 |
| 12:44 | TeKarino · wall_segment Palisade Wall x1 |
| 13:08 | TeKarino · wall_segment Palisade Wall x5 |
| 13:26 | TeKarino · wall_segment Palisade Wall x2 |
| 13:41 | CTM | IKARO · wall_segment Palisade Wall x1 |
| 14:31 | CTM | IKARO · wall_segment Palisade Wall x4 |
| 15:13 | CTM | IKARO · wall_segment Palisade Wall x1 |
| 17:14 | CTM | IKARO · wall_segment Palisade Wall x13 |
| 18:20 | CTM | IKARO · wall_segment Palisade Wall x18 |
| 20:38 | CTM | IKARO · age_up castle |
| 21:37 | TeKarino · age_up castle |
| 26:59 | CTM | IKARO · first_building Siege Workshop |
| 27:09 | CTM | IKARO · first_market_buy 100 stone |
| 27:57 | CTM | IKARO · first_market_sell 100 wood |
| 28:35 | TeKarino · first_building Stable |
| 31:35 | TeKarino · wall_segment Palisade Wall x1 |
| 33:22 | TeKarino · first_building Monastery |
| 33:38 | TeKarino · first_building Castle |
| 35:10 | CTM | IKARO · first_building Castle |
| 36:01 | CTM | IKARO · age_up imperial |
| 36:12 | TeKarino · first_market_sell 100 food |
| 36:13 | TeKarino · first_market_buy 100 stone |
| 37:23 | TeKarino · age_up imperial |
| 39:11 | TeKarino · wall_segment Stone Wall x1 |
| 39:40 | CTM | IKARO · resign |
[ AI ANALYSIS · 1 CREDIT ]
What really happened in this match?
Wolo.gg analyzes every decision: build order, eco, micro, common mistakes by bracket. Personalized analysis on WhatsApp or Discord in 30 seconds.
Civ guide
Khitans
Perfil
CTM | IKARO